AoeStats
← BeLieb10

Golden Pit

509673158Analyzed
1v1 RM · 4d ago on Sep 27, 2026· 37m 2s· 2 players
Game mode
Random Map
Map size
Tiny (2 player)
Population
200
Speed
Normal
Resources
Standard
Victory
Conquest
Starting age
Dark Age
Ending age
Imperial Age
RankedLock teamsTeams togetherTeam positionsShared explorationLock speedFull tech treeHidden civsTurbo modeCheats
Victory
Defeat
🇦🇷 Lithuanians · Argentina
931
+17
🇩🇪 Teutons · Germany
953
-17
BeLieb10
11:27 Feudal Age
13:32 Double-Bit Axe
18:36 Castle Age
18:32 Forging
19:27 Fletching
19:37 Gold Mining
19:30 Horse Collar
20:06 Loom
21:57 Stone Mining
22:44 Wheelbarrow
26:32 Loom
26:51 Heavy Plow
28:34 Town Watch
31:09 Iron Casting
30:30 Bodkin Arrow
34:06 Imperial Age
33:13 Scale Barding Armor
34:37 Chain Barding Armor
34:27 Pikeman
35:11 Husbandry
35:22 Bloodlines
36:22 Plate Barding Armor
Micky
11:41 Feudal Age
12:56 Loom
15:41 Castle Age
14:24 Double-Bit Axe
15:25 Horse Collar
21:00 Stone Mining
25:53 Bow Saw
27:42 Ballistics
28:27 Elite Skirmisher
34:56 Imperial Age
35:50 Scale Mail Armor
35:56 Scale Barding Armor
36:01 Forging
35:41 Fletching
35:52 Padded Archer Armor
Connection lost

Rejoining the realm…

Still unreachable

The connection could not be restored.

Session expired

The server has moved on; the page needs a fresh start.